 Dungeon Crawl Stone Soup version 0.31.0-12-g77e489cdc1 (webtiles) character file.

Game seed: 17799037163501958963

229 Silvore the Trooper (level 5, -1/42 HPs)
             Began as a Demonspawn Fighter on Feb 12, 2024.
             Killed from afar by an orc wizard (5 damage)
             ... with a puff of flame
             ... on level 4 of the Dungeon.
             The game lasted 00:04:34 (3072 turns).

Silvore the Trooper (Demonspawn Fighter)            Turns: 3072, Time: 00:04:35

Health: -1/42      AC: 10    Str: 18    XL:     5   Next: 71%
Magic:  5/5        EV:  9    Int:  9    God:
Gold:   195        SH:  0    Dex: 12    Spells: 4/4 levels left

rFire   . . .        a - +0 long sword
rCold   . . .        c - +0 buckler
rNeg    . . .        b - +0 scale mail
rPois   .            (no helmet)
rElec   .            (no cloak)
rCorr   .            (no gloves)
SInv    .            h - +0 pair of boots
Will    .....        (no amulet) Stlth
                     (no ring)
HPRegen 0.27/turn    (no ring)
MPRegen 0.09/turn

%: no passive effects
@: confused, mighty
A: thin metallic scales 1, powered by death 1, weakness stinger 1
a: no special abilities


You were on level 4 of the Dungeon.
You visited 1 branch of the dungeon, and saw 4 of its levels.

You collected 195 gold pieces.

Inventory:

Hand Weapons
 a - a +0 long sword (weapon)
Armour
 b - a +0 scale mail (worn)
 c - a +0 buckler (worn)
 h - a +0 pair of boots (worn)
Jewellery
 q - a ring of resist corrosion
Scrolls
 k - 2 scrolls of teleportation
 o - a scroll of blinking
 p - a scroll of identify
Potions
 e - a potion of curing
 f - 2 potions of lignification
 g - a potion of heal wounds {unknown}
 i - a potion of berserk rage {unknown}
 j - 2 potions of attraction {unknown}
 l - a potion of haste {unknown}
 m - a potion of mutation {unknown}


   Skills:
 + Level 3.9 Fighting
 + Level 3.5 Long Blades
 + Level 3.7 Armour
 + Level 0.6 Dodging
 + Level 3.3 Shields


You had 4 spell levels left.
You didn't know any spells.
Your spell library contained the following spells:

 Spells                   Type           Power      Damage    Failure   Level
 Summon Small Mammal      Summ           0%         N/A       85%         1
 Cigotuvi's Dreadful Rot  Necr/Alch/Air  0%         N/A       94%         2
 Irradiate                Conj/Alch      0%         3d11      100%        5
 Sculpt Simulacrum        Ice/Alch       0%         N/A       100%        6


Dungeon Overview and Level Annotations

Branches:
Dungeon (4/15)
 Temple: D:4-7

Altars:


Innate Abilities, Weirdness & Mutations

You are partially covered in thin metallic scales. (AC +2)
You regenerate a little health from kills.
You have a small tail.


Message History

You kill the goblin!
You feel less confused.
The orc hits you from afar with a +0 trident.
The gnoll hits you from afar with a +0 spear. x2
Something hits you but does no damage. The orc hits you but does no damage.
You closely miss something.
The gnoll hits you from afar with a +0 spear.
The gnoll barely misses you. Something hits you but does no damage.
The orc hits you but does no damage.
You miss something.
The gnoll hits you from afar with a +0 spear!
The gnoll throws a datura-tipped dart.
You hear some strange, mumbled words.
You are confused.
The orc barely misses you.
The gnoll hits you from afar with a +0 spear!
* * * LOW HITPOINT WARNING * * *
The gnoll hits you from afar with a +0 spear.
* * * LOW HITPOINT WARNING * * *
You're too confused to move!
You hear some strange, mumbled words.
You are more confused.
The orc hits you but does no damage. The gnoll hits you but does no damage.
The gnoll hits you from afar with a +0 spear.
* * * LOW HITPOINT WARNING * * *
You hear some strange, mumbled words.
You are more confused.
The orc hits you with a +0 trident.
* * * LOW HITPOINT WARNING * * *
Unknown command.
You're too confused to move!
The orc closely misses you.
You closely miss the orc.
Your tail-slap misses the orc.
You hear the rapid rusting of a distant drain.
Something hits you but does no damage. The orc hits you but does no damage.
The gnoll hits you but does no damage. Something hits you but does no damage.
The orc closely misses you.
You hear some strange, mumbled words.
A puff of flame appears from out of thin air!
The puff of flame hits you.
You die...

..............#
..............#
....?.........#
..............###
....#......<....#
.>............#.######
##....................
....[.....##o........
..)....@o##.o.......
.........##.........
.........{g.o.......
.........g#.........
........############
......... .........
......... .......


You could see 2 gnolls and an orc.

Vanquished Creatures
  2 orc priests (D:3)
  A gnoll (D:3)
  8 adders
  3 dart slugs
  7 orcs (D:3)
  9 ball pythons
  5 bats
  5 endoplasms
  2 giant cockroaches
  7 goblins
  10 hobgoblins
  2 quokkas (D:3)
  3 frilled lizards
  6 kobolds
  4 rats
74 creatures vanquished.

Notes
Turn   | Place    | Note
-------+----------+-------------------------------------------
     0 | D:1      | Silvore the Demonspawn Fighter began the quest for the Orb.
     0 | D:1      | Reached XP level 1. HP: 18/18 MP: 1/1
   108 | D:1      | Gained mutation: You are partially covered in thin metallic
                  | scales. (AC +2) [demonic ancestry]
   108 | D:1      | Reached XP level 2. HP: 24/24 MP: 2/2
  1030 | D:2      | Reached XP level 3. HP: 29/29 MP: 3/3
  1583 | D:2      | Gained mutation: You have a small tail. [demonic ancestry]
  1583 | D:2      | Reached XP level 4. HP: 35/35 MP: 4/4
  2058 | D:3      | Got the Omnibus of the Familiar and Contamination
  2448 | D:3      | Gained mutation: You regenerate a little health from kills.
                  | [demonic ancestry]
  2448 | D:3      | Reached XP level 5. HP: 20/41 MP: 5/5
  2712 | D:4      | Identified the +4 hand axe "Backscratcher" {protect, rF+
                  | rC+ Int-3 Dex+3}
  3072 | D:4      | Killed from afar by an orc wizard

Illustrated notes

Levels and vault maps discovered:
D:1:      dpeg_arrival_fog, layout_basic, nrook_campfire
D:2:      layout_basic, hangedman_feature_mirror
D:3:      layout_basic
D:4:      layout_rooms, serial_shops, shop, nicolae_shop_pleasant_corner_grove,
          nicolae_shop_just_a_little_nook, nicolae_lakefront_shop, shop,
          gup_sewer_entry_pipe, uniq_natasha

Skill      XL: |  1  2  3  4 |
---------------+-------------+-----
Long Blades    | 2 3 |  3.5
Armour         | 3 |  3.7
Shields        | 3 |  3.3
Fighting       | |  3.9
Dodging        | |  0.6

Action                     |  1- 3 |  4- 6 || total
---------------------------+-------+-------++-------
  Melee: Long sword        |   104 |   144 ||   248
         Tailslap          |       |    11 ||    11
    Use: Scroll            |     2 |     5 ||     7
         Potion            |       |     1 ||     1
 Armour: Scale mail        |    77 |   152 ||   229
  Dodge: Dodged            |    51 |    99 ||   150
  Block: Buckler           |    20 |    45 ||    65
